 Dungeon Crawl Stone Soup version 0.14.1-11-gf908b15 (webtiles) character file.

633 Iskender the Ruinous (level 6, 0/28 HPs)
             Began as a Felid Chaos Knight on May 30, 2014.
             Was a Believer of Vehumet.
             Killed by divine providence
             ... invoked by an orc priest
              (11 damage)
             ... on Level 4 of the Dungeon.
             The game lasted 00:41:22 (4304 turns).

Iskender the Ruinous (Felid Chaos Knight)           Turns: 4304, Time: 00:41:22

HP   0/28        AC  2     Str  8      XL: 6   Next: 66%
MP  10/12        EV 18     Int 15      God: Vehumet [**....]
Gold 204         SH  0     Dex 16      Spells:  2 memorised,  4 levels left
Lives: 0, deaths: 1

rFire  . . .     SeeInvis +       - Unarmed
rCold  . . .     Clarity  .     (armour unavailable)
rNeg   . . .     Conserve .     (shield unavailable)
rPois  .         rCorr    .     (helmet unavailable)
rElec  .         rRot     .     (cloak unavailable)
SustAb . .       Spirit   .     (gloves unavailable)
rMut   .         Warding  .     (boots unavailable)
Saprov . . .     Stasis   .     (no amulet)
MR     .....                    w - ring of invisibility
                                s - cursed ring of see invisible

@: drained, quick, not resistant to hostile enchantments, quite stealthy
A: paw claws, no armour, no weapons or thrown items, fangs 3, see invisible,
carnivore 3, deterioration 1, speed 1, shaggy fur 2, slow metabolism 1, jump 2
a: Jump Attack, Renounce Religion, Evoke Invisibility


You were on level 4 of the Dungeon.
You worshipped Vehumet.
Vehumet was pleased with you.
You were very full.

You visited 2 branches of the dungeon, and saw 5 of its levels.

You collected 204 gold pieces.

Inventory:

Missiles
 b - 29 stones
Magical devices
 k - a wand of draining (7)
 y - a wand of magic darts (8) {unknown}
Comestibles
 c - 3 meat rations
 x - a rotting chunk of orc flesh
Scrolls
 a - a scroll of amnesia {unknown}
 f - 2 scrolls of teleportation
 g - a scroll of fear
 h - a scroll of identify
 l - a scroll of fog {unknown}
 p - a scroll of enchant weapon II {unknown}
 q - a scroll of immolation {unknown}
 t - a scroll of remove curse {unknown}
 A - a scroll of enchant weapon I {unknown}
 C - a scroll of random uselessness {unknown}
Jewellery
 e - an uncursed amulet of the gourmand
 s - a cursed ring of see invisible (left paw)
 w - a ring of invisibility (right paw)
 B - a +3 ring of strength
Potions
 d - 2 potions of curing
 i - 2 potions of might {unknown}
 j - a potion of brilliance
 m - a potion of restore abilities {unknown}
 n - a potion of lignification {unknown}
 o - a potion of magic {unknown}
 r - 2 potions of heal wounds
 u - a potion of cure mutation {unknown}
 v - a potion of confusion {unknown}
 z - a potion of berserk rage {unknown}


   Skills:
 - Level 3.0(2.7) Fighting
 - Level 3.2(2.9) Dodging
 - Level 3.6(3.3) Stealth
 - Level 4.0(3.7) Unarmed Combat
 - Level 1.0(0.7) Spellcasting
 + Level 4.8(4.5) Conjurations
 - Level 1.4(1.1) Fire Magic
 - Level 1.2(0.9) Poison Magic


You had 4 spell levels left.
You knew the following spells:

 Your Spells              Type           Power        Failure   Level  Hunger
x - Throw Flame           Conj/Fire      #.....       12%         2    ###....
z - Sting                 Conj/Pois      #...         10%         1    ##.....


Dungeon Overview and Level Annotations

Branches:
Dungeon (4/15)             Temple (1/1) D:4

Altars:
Ashenzari
Dithmenos
Nemelex Xobeh
Okawaru
Vehumet
The Shining One

Annotations:
D:4 exclusion: 2 doors


Innate Abilities, Weirdness & Mutations

You cannot wear armour.
You are incapable of wielding weapons or throwing items.
Your paws have sharp claws.
You have razor-sharp teeth.
You have supernaturally acute eyesight.
You are carnivorous and can eat meat at any time.
You cover ground quickly.
You are covered in thick fur (AC +2).
You have a slow metabolism.
You can jump attack at a medium distance.
Your body is slowly deteriorating.


Message History

The adder bites you but does no damage.
You scratch the adder.
You kill the adder!
Vehumet accepts your kill.
You see here an adder corpse.
You smell decay.
Yuck! (slot x)
The orc priest shouts!
You closely miss the orc priest.
The orc priest mumbles some strange prayers to Beogh against you.
Something smites you!
You scratch the orc priest.
The orc priest begins to bleed from its wounds!
The orc priest is lightly wounded.
The orc priest hits you with a runed dagger.
You feel drained.
You completely miss the orc priest. Your punch misses the orc priest.
The orc priest is lightly wounded.
The orc priest mumbles some strange prayers to Beogh against you.
Something smites you!
You die...

####.# #.# #.# #.# )....#
#.# #.###.# ###### #.#
####...... ### #.#
#......... ..#
##########.#####.#####...
#.###
............%............
.)..#
.#######.#############...
#.#.# #.# #... ....# #@#
#... ..#.# #o# #### ....#
#.# #. .##.# #.# #. ###.#
#.# #. # #.# ..# # # #.#
### ### ### # #.# ##.##
#.. # #.# ##...###.#


You could see an orc priest (bleeding).

Vanquished Creatures
  2 scorpions (D:4)
  An orc priest (D:4)
  2 hounds
  3 orc wizards (D:4)
  2 worker ants (D:4)
  Ijyb (D:4)
  4 gnolls (D:4)
  5 adders
  A worm zombie (D:3)
  A giant mite (D:4)
  A worm (D:2)
  A giant eyeball (D:4)
  10 orcs
  9 giant cockroaches
  13 goblins
  6 hobgoblins
  3 jackals (D:2)
  3 kobolds
  A quokka (D:2)
  11 bats
  4 giant geckos
  2 giant newts (D:3)
  6 rats
92 creatures vanquished.

Notes
Turn   | Place    | Note
--------------------------------------------------------------
     0 | D:1      | Iskender, the Felid Chaos Knight, began the quest for the Orb.
     0 | D:1      | Reached XP level 1. HP: 10/10 MP: 2/2
    27 | D:1      | Reached skill level 1 in Stealth
   105 | D:1      | XOM: harmless Divn miscast
   275 | D:1      | Reached XP level 2. HP: 14/14 MP: 3/3
   308 | D:1      | XOM: mild Trmt miscast
   419 | D:1      | XOM: god gift: long silver wand {god gift}
   535 | D:1      | XOM: vitrification
   721 | D:1      | XOM: divination: detect items
   756 | D:1      | XOM: vitrification
   916 | D:1      | XOM: god gift: choko
  1067 | D:2      | Found a radiant altar of Vehumet.
  1067 | D:2      | Found a shadowy altar of Dithmenos.
  1068 | D:2      | Found an iron altar of Okawaru.
  1073 | D:2      | Fell from the grace of Xom
  1073 | D:2      | Became a worshipper of Vehumet
  1150 | D:2      | Reached XP level 3. HP: 15/17 MP: 5/5
  1166 | D:2      | Found a shattered altar of Ashenzari.
  1355 | D:2      | XOM: noise
  1685 | D:3      | Found a shattered altar of Ashenzari.
  1798 | D:3      | Reached skill level 4 in Unarmed Combat
  1857 | D:2      | XOM: medium Trmt miscast
  2157 | D:3      | Acquired Vehumet's first power
  2157 | D:3      | Offered knowledge of Sting by Vehumet.
  2162 | D:3      | Learned a level 1 spell: Sting
  2185 | D:3      | Reached XP level 4. HP: 14/21 MP: 5/7
  2258 | D:3      | Found a sparkling altar of Nemelex Xobeh.
  2509 | D:3      | Reached skill level 1 in Conjurations
  2509 | D:3      | Reached skill level 1 in Poison Magic
  2897 | D:4      | Reached XP level 5. HP: 19/24 MP: 4/8
  3121 | D:4      | XOM: give mutation
  3121 | D:4      | Gained mutation: Your body is slowly deteriorating. [Xom's mischief]
  3287 | D:4      | Killed from afar by an orc wizard
  3288 | D:4      | Reached XP level 4. HP: -1/21 MP: 2/7
  3327 | D:4      | Reached skill level 1 in Spellcasting
  3351 | D:4      | Reached XP level 5. HP: 8/24 MP: 3/10
  3462 | D:4      | Noticed Ijyb
  3508 | D:4      | Killed Ijyb
  3653 | D:4      | Offered knowledge of Throw Flame by Vehumet.
  3657 | D:4      | Learned a level 2 spell: Throw Flame
  3867 | D:4      | Found a glowing golden altar of the Shining One.
  3907 | D:4      | Found a staircase to the Ecumenical Temple.
  3921 | D:4      | Reached skill level 1 in Fire Magic
  3957 | D:4      | Gained mutation: You are covered in thick fur (AC +2). [growing up]
  3957 | D:4      | Gained mutation: You can jump attack at a medium distance. [growing up]
  3957 | D:4      | Reached XP level 6. HP: 19/28 MP: 2/12
  3971 | Temple   | Entered the Ecumenical Temple
  4076 | D:4      | XOM: summons 1 hostile demon
  4304 | D:4      | Killed from afar by an orc priest

Action                   |  1- 3 |  4- 6 || total
-------------------------+-------+-------++-------
Melee: Unarmed           |   132 |    71 ||   203
 Cast: Sting             |     2 |   105 ||   107
 Abil: Evoke Invisibilit |       |     1 ||     1
Evoke: Wand              |     1 |       ||     1
  Use: Scroll            |     2 |     3 ||     5
       Potion            |       |     3 ||     3
 Stab: Sleeping          |     7 |     1 ||     8
